[Event "1st FIDE Olympiad DIS 2023"]
[Site "Belgrade"]
[Date "2023.02.01"]
[Round "3.21"]
[White "Morales Romero, Pedro"]
[Black "Bursuc, Mihai"]
[Result "1-0"]
[ECO "B76"]
[WhiteElo "2339"]
[BlackElo "1823"]
[Annotator "TA"]
[PlyCount "51"]
[EventDate "2023.01.30"]
[EventType "team-tourn"]
[EventCountry "SRB"]
[SourceTitle "playchess.com"]
[Source "ChessBase"]
[SourceQuality "1"]
[WhiteTeam "Cuba"]
[BlackTeam "Romania"]
[WhiteTeamCountry "CUB"]
[BlackTeamCountry "ROU"]
[TimeControl "40/5400+30:1800+30"]

1. e4 c5 2. Nf3 d6 3. d4 cxd4 4. Nxd4 Nf6 5. Nc3 g6 6. Be3 Bg7 7. f3 O-O 8. Qd2 Nc6 9. O-O-O d5 10. Nxc6 bxc6 11. Bc4 e6 12. Bb3 {[%emt 0:01:34] B76: Sicilian Dragon: Yugoslav Attack, 9 g4 and 9 0-0-0.} Qc7 {[%emt 0:01:56] [#]} 13. g4 $146 ({Predecessor:} 13. h4 Rd8 14. Bh6 Bxh6 15. Qxh6 Nh5 16. Kb1 Qf4 17. Qg5 Ba6 18. Rhe1 Kg7 19. Qe7 Qf6 {1-0 Demchenko,A (2655)-Korchmar,V (2450) Titled Tuesday intern op 30th Nov blitz 2021 (3)}) 13... dxe4 (13... Ba6 $11) 14. g5 $14 {[%emt 0:00:31] White is slightly better.} Nd5 {[%emt 0:00:32] Threatens to win with ...Bxc3.} 15. Nxe4 Nxe3 16. Qxe3 Be5 (16... c5 $14) 17. Kb1 {[%emt 0:01:07] White is much more active. The black rooks are badly placed.} a5 {[%emt 0:01:53] [#]} (17... Qb6 $142 18. Qd2 c5) 18. a4 (18. Nf6+ $142 $1 Kg7 19. Rhe1 (19. Ng4 Bf4 $11)) 18... Bf4 $2 (18... c5 $16 {is a better defense.}) 19. Qc5 Rb8 (19... Qe5 {was called for.}) 20. h4 Ba6 $2 (20... Qe5 {is tougher.}) 21. h5 $18 {[%emt 0:02:06] hxg6 would be deadly.} Kg7 22. Rh4 {[%emt 0:03:11] Black must now prevent hxg6.} Be2 (22... Qe5 $142 23. Qe7 (23. Qxc6 Bb7 $11) 23... Be2) 23. h6+ Kh8 {[%emt 0:00:24] [#]} 24. Rd7 {[%emt 0:01:13][%mdl 576] Deflection} Qe5 {[%emt 0:00:54] [#]} (24... Qxd7 25. Rxf4) 25. Rxf4 $1 Qxf4 {[%emt 0:04:00] [#]} (25... Qxc5 26. Nxc5) 26. Bxe6 $1 {[%emt 0:02:33][%mdl 512] White took control after the opening. A fantastic game!   Weighted Error Value: White=0.73/Black=1.11} 1-0

[Event "1st FIDE Olympiad DIS 2023"]
[Site "Belgrade"]
[Date "2023.02.01"]
[Round "3.22"]
[White "Pribeanu, Mihail-Dacian"]
[Black "Larduet Despaigne, Carlos"]
[Result "0-1"]
[ECO "A12"]
[WhiteElo "2134"]
[BlackElo "2277"]
[Annotator "TA"]
[PlyCount "82"]
[EventDate "2023.01.30"]
[EventType "team-tourn"]
[EventCountry "SRB"]
[SourceTitle "playchess.com"]
[Source "ChessBase"]
[SourceQuality "1"]
[WhiteTeam "Romania"]
[BlackTeam "Cuba"]
[WhiteTeamCountry "ROU"]
[BlackTeamCountry "CUB"]
[TimeControl "40/5400+30:1800+30"]

1. Nf3 d5 2. g3 Nf6 3. Bg2 c6 4. O-O Bf5 5. d3 e6 6. Nbd2 h6 7. c4 Be7 8. b3 O-O 9. Bb2 Nbd7 10. Rc1 a5 11. a3 Bh7 12. Qc2 Bd6 {[%emt 0:00:12] 12...Re8 is vanishing.} 13. Qb1 {[%emt 0:00:32] A12: English Opening: 1...c6 with b3 by White.} Qe7 14. Qa1 Rfe8 15. e4 dxe4 $17 {[%emt 0:01:13] [#]} 16. dxe4 $146 {[%emt 0:13:52] [#] aiming for e5.} ({Predecessor:} 16. Nxe4 Nxe4 17. dxe4 e5 18. Nd2 Nc5 19. Rc3 Ne6 20. Rd3 f6 21. Bh3 Rad8 22. Bxe6+ Qxe6 {0-1 Lindinger,M-Hebbinghaus,H Hamburg-chA U18 1994}) 16... e5 17. Ne1 Rad8 18. f3 (18. Rd1 $17) 18... Bc5+ $19 19. Kh1 {[%emt 0:00:24] [#] White is weak on the dark squares} Be3 $1 20. Rc2 Nc5 21. b4 Bxd2 22. bxc5 Qxc5 23. Bc3 Be3 {[%emt 0:05:39] Black is much more active.} 24. Rb2 (24. Qb2 $17) 24... b6 $36 {[%emt 0:06:38][%mdl 2048] White is under strong pressure.} 25. Nc2 (25. Qa2 $17) 25... Bd2 (25... Qxc4 26. Bxa5 Bc5 27. Bb4 $17) 26. Bxd2 Rxd2 27. Qc1 Red8 28. Na1 R2d3 ({Worse is} 28... Qe3 29. Nb3 Re2 30. Qxe3 Rxe3 31. Nc1 $17) 29. a4 Bg6 30. Qc2 (30. Rb1 $142) 30... Qe3 {[%emt 0:01:09] White must now prevent ...Rd2.} 31. Nb3 Rc3 32. Qb1 Rxc4 33. Rd1 (33. Re1 $142 Qc3 34. Na1) 33... Rxd1+ {[%emt 0:01:01] Black is clearly winning.} 34. Qxd1 Rb4 35. Rb1 Kh7 36. g4 c5 37. Nd2 Rd4 38. Rb2 c4 39. Qc2 Nd5 {[%emt 0:06:14] Strongly threatening ...Nb4.} 40. Nf1 Qf4 {[%emt 0:00:43] Hoping for ...Ne3.} 41. Qf2 Nb4 {[%emt 0:00:51] Weighted Error Value: White=0.48/Black=0.09 (flawless)} 0-1

[Event "1st FIDE Olympiad DIS 2023"]
[Site "Belgrade"]
[Date "2023.02.01"]
[Round "3.23"]
[White "Interian Rodriguez, Alberto D."]
[Black "Morariu, Ionel"]
[Result "1/2-1/2"]
[ECO "B01"]
[WhiteElo "2082"]
[BlackElo "1915"]
[Annotator "TA"]
[PlyCount "67"]
[EventDate "2023.01.30"]
[EventType "team-tourn"]
[EventCountry "SRB"]
[SourceTitle "playchess.com"]
[Source "ChessBase"]
[SourceQuality "1"]
[WhiteTeam "Cuba"]
[BlackTeam "Romania"]
[WhiteTeamCountry "CUB"]
[BlackTeamCountry "ROU"]
[TimeControl "40/5400+30:1800+30"]

1. e4 d5 2. exd5 Qxd5 3. Nc3 Qd6 4. d4 Nf6 5. Bc4 c6 6. Nge2 {[%emt 0:00:46] B01: Scandinavian Defence.} Bf5 $1 {[%emt 0:00:54] 6...Bf5 scores better than 6...Bg4.} 7. Bf4 Qb4 8. Bb3 {[%emt 0:00:09] White is slightly better.} e6 9. a3 Qa5 10. O-O Be7 11. Ng3 {[%emt 0:00:22][%cal Od4d5] Hoping for d5!} Bg6 $1 12. Re1 O-O 13. Qf3 Re8 {[%emt 0:04:10] [#]} 14. Rad1 $146 ({Predecessor:} 14. Nce4 Qb6 15. Rad1 Nbd7 16. Nd6 Red8 17. h4 h5 18. Nc4 Qa6 19. Bd6 Bxd6 20. Nxd6 {0-1 Cofman,V (2153)-Becker,D (2083) Oberliga Baden 1415 2014 (6.7)}) 14... Nbd7 15. Nce4 Nxe4 16. Nxe4 Nf6 17. Nxf6+ Bxf6 18. Be5 Be7 19. c4 Rad8 20. d5 exd5 21. cxd5 {[%emt 0:03:24] [#]} Bf6 $1 22. Bc3 Bxc3 23. Rxe8+ Rxe8 24. Qxc3 Qxc3 25. bxc3 cxd5 26. Bxd5 $11 {[%emt 0:00:31][%mdl 4096] Endgame KRB-KRB} b6 27. f3 h6 28. Kf2 Rc8 29. c4 Bc2 30. Rc1 {[%emt 0:05:18] The position is equal.} Bb3 31. Rc3 Ba2 32. Rc2 Bb3 33. Rc3 Ba2 34. Rc2 {[%emt 0:00:11] Weighted Error Value: White=0.07 (flawless) /Black=0.04 (flawless)} 1/2-1/2

[Event "1st FIDE Olympiad DIS 2023"]
[Site "Belgrade"]
[Date "2023.02.01"]
[Round "3.24"]
[White "Dima, Mihai"]
[Black "Batista Rivera, Idalis"]
[Result "1/2-1/2"]
[ECO "B28"]
[WhiteElo "1948"]
[BlackElo "1775"]
[Annotator "TA"]
[PlyCount "75"]
[EventDate "2023.01.30"]
[EventType "team-tourn"]
[EventCountry "SRB"]
[SourceTitle "playchess.com"]
[Source "ChessBase"]
[SourceQuality "1"]
[WhiteTeam "Romania"]
[BlackTeam "Cuba"]
[WhiteTeamCountry "ROU"]
[BlackTeamCountry "CUB"]
[TimeControl "40/5400+30:1800+30"]

1. e4 c5 2. Nf3 a6 3. b3 d5 4. exd5 Qxd5 5. Be2 Nf6 6. c4 {[%emt 0:00:44] B28: Sicilian: 2 Nf3 a6 (O'Kelly Variation).} (6. Na3 $14 {is more appropriate.}) 6... Qd8 7. Bb2 {[%emt 0:01:25] [#]} g6 $146 ({Predecessor:} 7... Nc6 8. d4 e6 9. O-O cxd4 10. Nxd4 Nxd4 11. Qxd4 Qc7 12. Nc3 Bd7 13. Bf3 Bc6 {1-0 Prie,E (2405)-Gocheva,R (2210) Orange op 1990 (5)}) 8. d4 {[%emt 0:06:08] White is slightly better.} cxd4 9. Nxd4 Bg7 10. O-O O-O 11. Na3 Qc7 12. h3 e5 13. Nf3 Nc6 14. Nc2 Nh5 {[%emt 0:05:00] ...Rd8 would be deadly.} 15. Ne3 e4 (15... Be6 $1 $17) 16. Nd5 $1 $14 Qd8 17. Nd4 Qg5 {[%emt 0:03:08] [#]} 18. h4 Qxh4 19. Bxh5 gxh5 20. Nxc6 {[%emt 0:02:57] A dynamic duo of knights.} (20. Qd2 $11) 20... Bxb2 $17 21. Nce7+ Kh8 {[%emt 0:00:49] Hoping for ...Be5.} 22. Qe2 Be5 $40 {[%emt 0:11:35][%mdl 128] Black is up to no good.} (22... Bxa1 $17 23. Rxa1 Bd7) 23. g3 $15 Qg5 {[%emt 0:01:23] ...f5 is the strong threat.} 24. Qxe4 Bxa1 25. Rxa1 Be6 (25... Bg4 $17) 26. Re1 $11 Rad8 (26... Bg4 {with more complications.} 27. Kg2 Rad8 28. Nf4 Rfe8) 27. Qd4+ Qg7 28. Qh4 (28. Qf4 $1 $11 {remains equal.}) 28... Bg4 $1 $17 29. Re3 $2 (29. Nf6 $17) 29... Rd6 $1 $19 30. f3 {[%emt 0:03:53] [#]} Be6 ({Inferior is} 30... Qa1+ 31. Kf2 Be6 32. Qf4 $17) (30... Bd7 $1 $19 {Strongly threatening ...Re6.} 31. Nc3 Rd2) 31. Qf4 $17 Rfd8 (31... Qa1+ {seems wilder.} 32. Kf2 Rfd8 33. a4 b5) 32. Re5 {[%emt 0:03:05] [#]} (32. Kf2 $17 {keeps fighting.}) 32... Bxd5 $2 ({Black should play} 32... Bd7 $1 $19 {White must now prevent ...Re6.} 33. Qg5 Qxg5 34. Rxg5 Re6) 33. Nf5 $1 $11 {[%emt 0:02:20] The position is equal.} Rf6 {[%emt 0:02:58][%cal Of6f5] And now ...Rxf5! would win.} 34. Rxd5 Rxd5 35. cxd5 Rxf5 {[%emt 0:00:16][%mdl 64] Deflection} 36. Qxf5 {[%emt 0:00:07][%cal Og1h2] Threatens to win with Kh2!} Qxg3+ 37. Kh1 (37. Kf1 $5 ) 37... Kg7 38. Qxh5 {[%emt 0:00:28] An exciting game.   Weighted Error Value: White=0.28 (precise) /Black=0.30} (38. Qe4 $11 {keeps the balance.}) 1/2-1/2

[Event "1st FIDE Olympiad DIS 2023"]
[Site "Belgrade"]
[Date "2023.02.01"]
[Round "3.25"]
[White "Pavicevic, Jovan R"]
[Black "Nikac, Predrag"]
[Result "1/2-1/2"]
[ECO "B01"]
[WhiteElo "2214"]
[BlackElo "2285"]
[Annotator "TA"]
[PlyCount "111"]
[EventDate "2023.01.30"]
[EventType "team-tourn"]
[EventCountry "SRB"]
[SourceTitle "playchess.com"]
[Source "ChessBase"]
[SourceQuality "1"]
[WhiteTeam "Serbia"]
[BlackTeam "Montenegro"]
[WhiteTeamCountry "SRB"]
[BlackTeamCountry "MNE"]
[TimeControl "40/5400+30:1800+30"]

1. e4 d5 2. exd5 Qxd5 3. Nc3 Qa5 4. Bc4 Nf6 5. d4 c6 6. Nf3 Bg4 7. Bd2 e6 8. h3 Bh5 9. Qe2 Nbd7 {[%emt 0:09:11] B01: Scandinavian Defence.} 10. O-O-O Bb4 11. g4 Bg6 {[%emt 0:00:14] White is slightly better.} 12. Kb1 (12. a3 $5 Bxc3 13. Bxc3 $11) 12... O-O-O 13. a3 Bxc3 (13... Bxa3 $2 14. Nd5 (14. bxa3 Qxa3 15. Bd3 Nb6 $16) 14... Qa4 15. b3 $18) 14. Bxc3 Qc7 15. Ne5 {[%emt 0:08:12] [#]} Nd5 $146 ({Predecessor:} 15... Nxe5 16. dxe5 Nd5 17. Bxd5 Rxd5 18. f4 Rhd8 19. Rdf1 Qd7 20. Rhg1 f6 21. exf6 gxf6 {1-0 Sypien,M (2272)-Dzierzak,R (1906) Polanica Zdroj op-B 48th 2012 (6)}) 16. Bxd5 exd5 17. Nxg6 hxg6 18. Qf3 Nf6 19. Bd2 Ne4 20. Bf4 Qd7 {[%emt 0:02:11] [#]} 21. c4 Rde8 (21... g5 $15 22. Bh2 f5) 22. c5 Re6 (22... g5 $15 {is more appropriate.} 23. Be3 f6) 23. g5 (23. Qg2 $11) 23... f6 (23... Ree8 $1 $17 {Strongly threatening ...Qf5.} 24. Be3 Rh4) 24. Qg2 $11 Rf8 25. f3 $36 {[%emt 0:07:59][%mdl 2048] White has the initiative.} Nxg5 26. h4 Nf7 27. Qxg6 {[%emt 0:00:35] Black is weak on the dark squares} Nd8 28. Bh2 {[%emt 0:02:17] Threatens to win with Qg3. White has more active pieces. The black rooks are badly placed.} f5 (28... Re2 $2 29. Qg3 Rxh2 30. Rxh2 $18) 29. Qg5 ({Of course not} 29. Qg3 f4 30. Qg2 Qf7 $15) 29... f4 30. Bxf4 Ref6 (30... Ree8 $1 $14 31. Bh2 Rxf3) 31. Bd6 $16 Nf7 $2 (31... R8f7 $16) 32. Qxg7 $2 (32. Qxf6 $18 gxf6 33. Bxf8) 32... Qf5+ (32... Rxf3 $2 33. Qxf8+ Qd8 34. Qg7 $18) (32... Nxd6 $11 {keeps the balance.} 33. Qxd7+ Kxd7 34. cxd6 Rxf3) 33. Ka1 (33. Ka2 $16 Nxd6 34. cxd6 Rxd6 35. h5) 33... Nxd6 $14 34. cxd6 Rxd6 35. h5 Rd7 36. Qg6 Qxg6 37. hxg6 Rxf3 {[%emt 0:00:12][%mdl 4096] Endgame KRR-KRR} 38. Rdg1 {[%emt 0:00:44] Inhibits Rg3. Black must now prevent g7.} Rf8 $1 (38... Rg7 $2 39. Rh7 Rg8 40. Re7 $18) 39. g7 Rg8 40. Rh8 Rdd8 41. Kb1 (41. Rh3 $14 {stays ahead.}) 41... Rxh8 $17 42. gxh8=Q Rxh8 {[%emt 0:31:34] KR-KR} 43. Kc2 Rh7 44. Kc3 Kc7 45. Rg3 Re7 (45... Kb6 $142 46. Rg8 Ka5) 46. Kd3 b6 (46... Kb6 $17 47. b3 Kb5) 47. Rg5 (47. a4 $1 $15) 47... Rd7 (47... b5 $1 $17 48. Rg8 Rh7) 48. b3 (48. a4 $15) 48... a5 (48... b5 $142 $1 49. Kc3 a5) 49. Rg6 ({Better is} 49. a4) 49... Rh7 (49... b5 $1 $17 {aiming for ...Rh7.} 50. a4 b4) 50. Rg3 {[%emt 0:00:00] [#]} (50. a4 $1 $15) 50... Re7 ({Black should try} 50... b5 $1 {Hoping for ...Rh2.} 51. a4 b4) 51. Rh3 {[%emt 0:00:00] [#]} (51. a4 $142) 51... Kd6 (51... b5 $1 $17 52. a4 bxa4 53. bxa4 Re1 54. Rh7+ Kb6) 52. Rh8 $15 c5 53. Rd8+ Kc6 54. a4 $2 (54. Rc8+ $15 Rc7 55. Rh8) 54... Re4 $19 55. dxc5 bxc5 (55... Kxc5 $19 {And now ...Rf4 would win.} 56. Kc2 Re2+ 57. Kd3 Rh2 58. Rc8+ Kb4) 56. Rc8+ {[%emt 0:00:00] What a bad dream for Black.   Weighted Error Value: White=0.42/Black=0.39} 1/2-1/2

[Event "1st FIDE Olympiad DIS 2023"]
[Site "Belgrade"]
[Date "2023.02.01"]
[Round "3.26"]
[White "Ivanovic, Milan"]
[Black "Tonic, Milos"]
[Result "1/2-1/2"]
[ECO "B19"]
[WhiteElo "1908"]
[BlackElo "2018"]
[Annotator "TA"]
[PlyCount "110"]
[EventDate "2023.01.30"]
[EventType "team-tourn"]
[EventCountry "SRB"]
[SourceTitle "playchess.com"]
[Source "ChessBase"]
[SourceQuality "1"]
[WhiteTeam "Montenegro"]
[BlackTeam "Serbia"]
[WhiteTeamCountry "MNE"]
[BlackTeamCountry "SRB"]
[TimeControl "40/5400+30:1800+30"]

1. e4 c6 2. d4 d5 3. Nd2 dxe4 4. Nxe4 Bf5 5. Ng3 Bg6 6. Nf3 Nd7 7. h4 h6 8. Bd3 Bxd3 9. Qxd3 Ngf6 10. Qb3 {[%emt 0:05:02] B19: Classical Caro-Kann: 4...Bf5 main line.} Qc7 11. O-O e6 12. Re1 {[%emt 0:05:01] [#]} Be7 $146 ({Predecessor:} 12... Bd6 13. Nf5 O-O-O 14. Nxd6+ Qxd6 15. Qa4 Kb8 16. c4 Ka8 17. b4 Qc7 18. g3 Nf8 19. Bf4 Qe7 {0-1 Topic,J (1843)-Marttinen,J Vojvodina U16 2005 (8)}) 13. Ne5 O-O 14. c4 (14. Ng6 $5) 14... b5 15. cxb5 cxb5 16. Qxb5 Rab8 17. Qe2 Nd5 {[%emt 0:06:10] Wards off Bf4} 18. Nh5 Nxe5 ({Don't take} 18... Bxh4 19. Qg4 Bg5 20. Bxg5 Nxe5 21. dxe5 $16 (21. Rxe5 hxg5 22. Rae1 g6 $16)) 19. dxe5 {[%emt 0:00:33][%cal Oc1h6] Strongly threatening Bxh6!} Rb4 ({But not} 19... Bxh4 20. Qg4 Bg5 21. Bxg5 hxg5 22. Qxg5 $16) 20. b3 Rxh4 {[%emt 0:04:28] ...Bb4 is the strong threat.} 21. g3 Rd4 22. Bb2 Rb4 23. Ba3 Rd4 (23... Rb7 {is more complex.} 24. Qg4 g6 25. Rac1 Qd8) 24. Bb2 Rb4 25. Ba3 $1 Rb6 (25... Rb7 $5 26. Rac1 Qa5 $11) 26. Rac1 Rc6 27. Rxc6 Qxc6 28. Qg4 g6 29. Bxe7 Nxe7 30. Nf6+ Kg7 31. Qd4 a6 32. Qd2 Nf5 33. Rc1 Qb5 34. Qc3 Rd8 35. a4 Qe2 36. Re1 Qd2 37. Qxd2 Rxd2 $11 {[%emt 0:00:04][%mdl 4096] Endgame KRN-KRN} 38. Re4 Nd4 39. b4 Nf3+ $1 40. Kg2 {[%emt 0:00:19] [#]} Nxe5 {[%emt 0:00:12][%mdl 64] Remove Defender} 41. Ne8+ (41. Nh5+ gxh5) 41... Kf8 42. Nc7 Nd3 43. Nxa6 $2 (43. Kf3 $11) 43... Rxf2+ $2 ({Better is} 43... Nxf2 $19 44. Rh4 Ng4+ 45. Kg1 h5) 44. Kg1 $1 Ra2 {[%emt 0:00:00] ...Ra1+ would be deadly.} 45. b5 {[%emt 0:00:00] And now b6 would win.} Ke7 (45... Rb2 $11) 46. Rd4 (46. b6 $1 $14 Rb2 47. a5) 46... Ne5 {[%emt 0:00:00] White must now prevent ...Nf3+. The position is equal.} 47. Rb4 Nd7 48. b6 Nxb6 {[%emt 0:00:00][%mdl 64] [#] Deflection} 49. Rxb6 Rxa4 {[%emt 0:00:00] KRN-KR} 50. Kg2 h5 51. Nc5 Ra7 52. Kf3 Kf6 53. Ne4+ Kg7 54. Kf4 Ra4 55. Kf3 Ra7 {[%emt 0:02:19] Weighted Error Value: White=0.15 (very precise) /Black=0.17 (very precise)} 1/2-1/2

[Event "1st FIDE Olympiad DIS 2023"]
[Site "Belgrade"]
[Date "2023.02.01"]
[Round "3.27"]
[White "Zivic, Dragan"]
[Black "Damjanovic, Radovan"]
[Result "1-0"]
[ECO "B90"]
[WhiteElo "2186"]
[BlackElo "1807"]
[Annotator "TA"]
[PlyCount "115"]
[EventDate "2023.01.30"]
[EventType "team-tourn"]
[EventCountry "SRB"]
[SourceTitle "playchess.com"]
[Source "ChessBase"]
[SourceQuality "1"]
[WhiteTeam "Serbia"]
[BlackTeam "Montenegro"]
[WhiteTeamCountry "SRB"]
[BlackTeamCountry "MNE"]
[TimeControl "40/5400+30:1800+30"]

1. e4 c5 2. Nf3 d6 3. d4 cxd4 4. Nxd4 Nf6 5. Nc3 a6 6. f3 e5 7. Nb3 Be6 8. Be3 Nc6 9. Qd2 d5 {[%emt 0:01:57] B90: Sicilian Najdorf: Unusual White 6th moves, 6 Be3 Ng4 and 6 Be3 e5.} 10. exd5 Nxd5 11. Nxd5 Qxd5 {[%emt 0:01:23] White has an edge.} 12. Qxd5 Bxd5 13. O-O-O Be6 14. Nc5 Bxc5 15. Bxc5 {[%emt 0:00:10] [#]} f6 $146 ({Predecessor:} 15... Rc8 16. Kb1 f6 17. Bd3 Kf7 18. c3 h5 19. h4 Na5 20. b4 Nc4 21. Bxc4 Bxc4 {½-½ Tiviakov,S (2575)-Ljubojevic,L (2605) Moscow blitz 1993}) 16. b3 Rd8 17. Be2 Kf7 18. c3 Rxd1+ (18... Rc8 $11) 19. Rxd1 $14 Rd8 20. Rxd8 Nxd8 {[%emt 0:00:00][%mdl 4096] Endgame KBB-KBN} 21. c4 Bd7 22. Kd2 Ne6 23. Be3 Bc6 24. Bd3 g6 25. b4 Nc7 {[%emt 0:02:31] [#]} (25... b5 $14) 26. Kc3 (26. Bb6 $1 $16 Ne6 27. b5) 26... Ke6 27. Kb3 b5 28. a4 bxa4+ 29. Ka3 f5 30. Bb6 Ne8 31. b5 axb5 32. cxb5 Bd5 33. Kxa4 e4 34. fxe4 fxe4 ({Black should play} 34... Bxe4 $14 35. Bc4+ Ke5) 35. Be2 $16 Nd6 {[%emt 0:02:20] [#]} 36. Kb4 $1 {[%emt 0:06:40] Prevents Bc4.} Nb7 37. Bc7 Kd7 38. Bf4 Ke6 (38... Nd8 $16 {keeps fighting.} 39. Be3 Kd6) 39. Bg4+ $18 Kf6 40. Kc3 Nd8 41. Kd4 Bb7 42. Be5+ Ke7 43. Kc5 {[%emt 0:03:20] White is more active.} (43. h4 $142) 43... e3 (43... Ne6+ $16 44. Kc4 e3) 44. g3 Ne6+ 45. Kc4 (45. Kb4 $142) 45... Bg2 {[%emt 0:00:00] Black cannot hold the game after this.} (45... Ng5 $16 {was necessary.}) 46. b6 h5 (46... Bb7 $142 47. Kc3 Ng5) 47. Be2 {[%emt 0:00:00] Kd3 is the strong threat. A strong pair of Bishops.} Bb7 (47... Kd7 $142 48. g4 h4) 48. Kc3 Nd8 49. Bf4 Kd7 50. Bd3 (50. Bxe3 Nc6 51. Bd3 Ne7 $18) 50... Ne6 51. Bxg6 (51. Bxe3 g5 52. Bf5 Kd6 $18) 51... Nxf4 (51... e2 $142 52. Kd2 (52. Bxh5 {is a self mate.} e1=Q+ 53. Kb2 Qb4+ 54. Kc2 Qc5+ 55. Kb2 Qb4+ 56. Kc1 Qc5+ 57. Kb2 Qxh5 58. h3 Qc5 59. Bd2 Nd4 60. Bc3 Be4 61. Bxd4 Qb4+ 62. Ka2 Bd5+ 63. Ka1 Qa3+ 64. Kb1 Be4#) 52... h4 53. Kxe2 Bd5) 52. gxf4 {[%emt 0:00:00] KB-KB} Bf3 53. Kd3 $2 (53. h4 {Strongly threatening Kd3.} e2 54. Kd2) 53... e2 54. Kd2 {[%emt 0:00:00] And now f5 would win.} Kc6 $2 (54... Bg4 55. f5 Bxf5) 55. f5 Kxb6 $2 (55... Be4 56. Kxe2 h4) 56. f6 {White wants to mate with f7.} Bd5 57. Kxe2 ({Inferior is} 57. Bxh5 e1=R 58. Kxe1 Kc5 $11) 57... Kc6 {[%emt 0:00:00] [#]} 58. Be4 $1 {[%emt 0:00:00][%mdl 576] Promotion.   Weighted Error Value: White=0.26 (precise) /Black=0.46} 1-0

[Event "1st FIDE Olympiad DIS 2023"]
[Site "Belgrade"]
[Date "2023.02.01"]
[Round "3.29"]
[White "Bozinovic, Bogdan"]
[Black "Jimenez Moron, Elias"]
[Result "1-0"]
[ECO "D61"]
[WhiteElo "2131"]
[BlackElo "1967"]
[Annotator "TA"]
[PlyCount "85"]
[EventDate "2023.01.30"]
[EventType "team-tourn"]
[EventCountry "SRB"]
[SourceTitle "playchess.com"]
[Source "ChessBase"]
[SourceQuality "1"]
[WhiteTeam "Croatia"]
[BlackTeam "Panama"]
[WhiteTeamCountry "CRO"]
[BlackTeamCountry "PAN"]
[TimeControl "40/5400+30:1800+30"]

1. d4 d5 2. c4 e6 3. Nc3 Nf6 4. Bg5 Nbd7 5. e3 Be7 6. Nf3 c6 7. Qc2 O-O 8. O-O-O dxc4 9. Bxc4 Nd5 10. h4 {[%emt 0:03:57] D61: Queen's Gambit Declined: Classical: 7 Qc2.} N7b6 {[%emt 0:03:19] [#]} (10... h6 $11) 11. Bb3 $146 (11. Bd3 $14) ({Predecessor:} 11. Nxd5 cxd5 12. Bd3 h6 13. Bxe7 Qxe7 14. g4 Bd7 15. Qe2 Rfc8+ 16. Kb1 Qb4 17. a3 Qb3 18. Nd2 Qa4 19. g5 hxg5 20. hxg5 Kf8 21. Rh7 a6 22. Qh5 Bb5 23. Bxb5 axb5 24. Rh8+ {½-½ Van Briemen,W (1894)-Geertsma,F (1931) Leiden SB-ch 2009 (4)}) 11... a5 (11... f6 $15) 12. a3 {[%emt 0:03:16] The position is equal.} Nxc3 (12... f6 $11 13. Bf4 Nxf4 14. exf4 Nd5) 13. Qxc3 $16 f6 {[%emt 0:02:31] [#]} (13... Nd5 $14 14. Qd3 b6) 14. Bf4 (14. Qd3 $1 $16) 14... Kh8 (14... Nd5 $11 15. Qd3 a4) 15. Bc2 {[%emt 0:02:05] White is much more active. The black rooks are badly placed.} Nd5 16. Qd3 f5 17. Bg5 Qe8 (17... b6 $142) 18. Ne5 Bf6 19. e4 Nc7 (19... Ne7 $16 20. Qg3 b6) 20. Nf3 (20. Bf4 $18) 20... b6 21. Qe3 Qh5 22. Qf4 Ra7 {[%emt 0:09:06] Black is weak on the dark squares} 23. Qd6 ({Don't take} 23. exf5 $6 Nd5 24. Qg3 exf5 $14) (23. Kb1 $142) 23... Qe8 24. Bxf6 Rxf6 (24... gxf6 $16 25. exf5 Nb5) 25. h5 $40 {[%emt 0:02:52][%mdl 128] White wants a kill.} Nb5 26. Qe5 {[%emt 0:00:33] Black must now prevent a4.} Qf8 (26... Qd8 {might work better.} 27. h6 Nd6 28. exf5 exf5) 27. Nh4 {[%emt 0:03:57][%cal Oh4g6] aiming for Ng6+!} Kg8 {[%emt 0:05:09][%cal Ob5a3] [#]} 28. exf5 $1 {[%emt 0:01:37] g4 is the strong threat.} Qd6 $2 {[%emt 0:03:05][%mdl 8192] Black cannot hold the game after this.} (28... a4 $16 {is more resistant.}) 29. a4 $18 Qxe5 30. dxe5 Rf8 31. axb5 cxb5 32. g4 a4 {[%emt 0:00:09] [#]} 33. h6 $1 b4 (33... gxh6 34. Rd6) 34. hxg7 Rxg7 35. f6 Rc7 36. Kb1 Bb7 37. f3 a3 38. Bb3 Kf7 39. Nf5 Kg6 40. Ne7+ Kg5 41. Rd4 Rxe7 42. Rh5+ Kg6 43. Bc2+ {[%emt 0:00:15][%mdl 64] Deflection.   Weighted Error Value: White=0.29 (precise) /Black=0.59} 1-0